 Dungeon Crawl Stone Soup version 0.31.0-12-g77e489cdc1 (webtiles) character file.

Game seed: 7529558309984404594

30022 Ijustatesigmund the Destroyer (level 13, -5/99 HPs)
             Began as a Gnoll Conjurer on Mar 7, 2024.
             Was a Priest of Cheibriados.
             Shot with an arrow by a centaur warrior (21 damage)
             ... on level 14 of the Dungeon.
             The game lasted 00:49:17 (16589 turns).

Ijustatesigmund the Destroyer (Gnoll Conjurer)     Turns: 16589, Time: 00:49:18

Health: -5/99      AC: 12    Str: 13 (15) XL:     13   Next: 49%
Magic:  17/27      EV: 16    Int: 34 (36) God:    Cheibriados [***...]
Gold:   1183       SH: 12    Dex: 18 (19) Spells: 25/32 levels left

rFire   . . .        p - +3 morningstar (freeze)
rCold   + . .        R - +1 kite shield
rNeg    . . .        X - +1 troll leather armour
rPois   .            f - +1 helmet of the Solstice {rElec Int+6}
rElec   +            x - +1 cloak
rCorr   .            s - +1 pair of gloves {Stlth+}
SInv    +            (no boots)
Will    .....        k - amulet of magic regeneration
Stlth   +++++        u - ring of flight
HPRegen 1.16/turn    l - ring of protection from cold
MPRegen 0.60/turn

%: no passive effects
@: flying, very slow
A: fangs 1, strong nose, distributed training, see invisible, deterioration 1
a: Renounce Religion, Bend Time, Temporal Distortion


You were on level 14 of the Dungeon.
You worshipped Cheibriados.
Cheibriados was most pleased with you.
You visited 2 branches of the dungeon, and saw 15 of its levels.
You also visited: Gauntlet.

You collected 1310 gold pieces.
You spent 127 gold pieces at shops.

Inventory:

Hand Weapons
 o - a +2 hand axe of flaming
 p - a +3 morningstar of freezing (weapon)
 w - a +5 dire flail
 J - a +6 great sword
Missiles
 G - a throwing net
 M - 4 silver javelins (quivered)
Armour
 a - the +1 robe "Xuuvuf" {Regen+ rCorr}
   (You found it on level 3 of the Dungeon)

   Regen+:    It increases your rate of health regeneration.
   rCorr:     It protects you from acid and corrosion.
 f - the +1 helmet of the Solstice (worn) {rElec Int+6}
   (You found it on level 6 of the Dungeon)

   Int+6:     It affects your intelligence (+6).
   rElec:     It insulates you from electricity.
 q - +0 steam dragon scales
 s - a +1 pair of gloves of stealth (worn)
 x - a +1 cloak (worn)
 R - a +1 kite shield (worn)
 X - a +1 troll leather armour (worn)
Jewellery
 k - an amulet of magic regeneration (around neck)
 l - a ring of protection from cold (right hand)
 r - an amulet of regeneration
 u - a ring of flight (left hand)
 H - an amulet of guardian spirit
 W - a +6 ring of strength
Wands
 h - a wand of flame (71)
 C - a wand of digging (5)
 N - a wand of polymorph (6)
 V - a wand of iceblast (1)
Scrolls
 e - 4 scrolls of fog
 m - a scroll of immolation
 n - a scroll of revelation
 t - a scroll of torment
 y - a scroll of enchant weapon
 E - 2 scrolls of teleportation
 I - 3 scrolls of blinking
 L - a scroll of fear
Potions
 b - a potion of magic
 c - 4 potions of attraction
 d - 5 potions of curing
 g - a potion of lignification
 i - a potion of might
 j - 2 potions of brilliance
 v - 4 potions of enlightenment
 z - 2 potions of heal wounds
 A - 3 potions of haste
 B - 2 potions of invisibility
 K - 2 potions of berserk rage
 T - a potion of cancellation
 Y - 2 potions of resistance
Miscellaneous
 F - a phantom mirror
 P - a phial of floods
 S - a tin of tremorstones (2/2)


   Skills:
 + Level 8.6 Fighting
 + Level 8.6 Short Blades
 + Level 8.6 Long Blades
 + Level 8.6 Axes
 + Level 8.6 Maces & Flails
 + Level 8.6 Polearms
 + Level 8.6 Staves
 + Level 8.6 Ranged Weapons
 + Level 8.6 Throwing
 + Level 8.6 Armour
 + Level 9.8 Dodging
 + Level 9.6 Stealth
 + Level 8.6 Shields
 + Level 8.6 Unarmed Combat
 + Level 10.0 Spellcasting
 + Level 10.2 Conjurations
 + Level 7.2 Hexes
 + Level 7.2 Summonings
 + Level 7.2 Necromancy
 + Level 7.2 Translocations
 + Level 7.2 Fire Magic
 + Level 7.2 Ice Magic
 + Level 7.2 Air Magic
 + Level 7.2 Earth Magic
 + Level 7.2 Alchemy
 + Level 9.4 Invocations
 + Level 8.6 Evocations
 + Level 7.9 Shapeshifting


You had 25 spell levels left.
You knew the following spells:

 Your Spells              Type           Power      Damage    Failure   Level
a - Magic Dart            Conj           100%       1d8       1%          1
b - Searing Ray           Conj           100%       2d8       1%          2
c - Iskenderun's Mystic   Conj/Tloc      66%        2d14      2%          4

Your spell library contained the following spells:

 Spells                   Type           Power      Damage    Failure   Level
 Dazzling Flash           Conj/Hex       100%       N/A       1%          3
 Inner Flame              Hex/Fire       60%        N/A       1%          3
 Summon Ice Beast         Ice/Summ       60%        N/A       1%          3
 Tukima's Dance           Hex            60%        N/A       1%          3
 Volatile Blastmotes      Fire/Tloc      100%       2d18      1%          3
 Flame Wave               Conj/Fire      66%        2d15      2%          4
 Fulminant Prism          Conj/Alch      33%        3d15      2%          4
 Olgreb's Toxic Radiance  Alch           60%        N/A       4%          4
 Passage of Golubria      Tloc           60%        N/A       4%          4
 Sticky Flame             Fire/Alch      60%        2d10      4%          4
 Summon Mana Viper        Hex/Summ       60%        N/A       12%         5
 Yara's Violent Unravell  Hex/Alch       30%        3d13      12%         5
 Starburst                Conj/Fire      33%        6d10      36%         6
 Monstrous Menagerie      Summ           30%        N/A       98%         7
 Ozocubu's Refrigeration  Ice            30%        4d14      98%         7
 Discord                  Hex            30%        N/A       100%        8
 Maxwell's Capacitive Co  Air            30%        ∞         100%        8


Dungeon Overview and Level Annotations

Branches:
Dungeon (14/15)            Temple (1/1) D:4            Lair (0/5) D:11
    Orc (0/2) D:9          Vaults (0/5) D:13        Gauntlet (visited)

Altars:
Ashenzari
Cheibriados
Dithmenos
Elyvilon
Fedhas
Gozag
Hepliaklqana
Kikubaaqudgha
Makhleb
Nemelex Xobeh
Okawaru
Qazlal
Ru
Sif Muna
Trog
Uskayaw
Vehumet
Wu Jian
Xom
Yredelemnul
Zin
The Shining One

Shops:
D:3 !   D:7 *


Innate Abilities, Weirdness & Mutations

You have very sharp teeth.
Your uncanny sense of smell can sniff out nearby items.
Your experience applies equally to all skills.
You have supernaturally acute eyesight. (SInv)
Your body sometimes deteriorates upon taking damage.


Message History

The centaur warrior shoots an arrow.
The arrow hits you!
* * * LOW HITPOINT WARNING * * *
The freezing wraith misses you.
The freezing wraith hits you but does no damage.
Your magical contamination has completely faded away.
Okay, then.
Unknown command.
Okay, then.
You feel much better.
The centaur warrior shoots an arrow.
The arrow hits you!
Your body deteriorates!
You feel clumsy.
You block the freezing wraith's attack. x2
Casting: Iskenderun's Mystic Blast (dangerous; 2% risk of failure)
Confirm with . or Enter, or press ? or * to list all spells.
You erupt in a blast of force!
The mystic blast hits the freezing wraith.
The freezing wraith is almost destroyed.
The freezing wraith is knocked back by the mystic blast.
The mystic blast hits the centaur warrior!
The centaur warrior is lightly wounded.
The centaur warrior is knocked back by the mystic blast.
The centaur warrior shoots an arrow.
The arrow barely misses you.
The arrow closely misses the freezing wraith.
The freezing wraith hits you but does no damage.
The freezing wraith hits you!
* * * LOW HITPOINT WARNING * * *
Casting: Iskenderun's Mystic Blast (dangerous; 2% risk of failure)
Confirm with . or Enter, or press ? or * to list all spells.
You erupt in a blast of force!
The mystic blast hits the freezing wraith!
You destroy the freezing wraith!
Cheibriados appreciates the change of pace.
The centaur warrior shoots an arrow.
You block the arrow.
You feel much better.
The centaur warrior shoots an arrow.
The arrow hits you.
The centaur warrior shoots an arrow.
You block the arrow.
The centaur warrior shoots an arrow.
The arrow hits you!
The centaur warrior shoots an arrow.
You block the arrow.
The centaur warrior shoots an arrow.
The arrow hits you!!
* * * LOW HITPOINT WARNING * * *
The centaur warrior shoots an arrow.
The arrow hits you!!
You die...

#####.#... ###.....
....#. # ....####
##..#. ∆ .# #.#....#
...... .# #......#
....###.#
###.#########.....c#
#).#...#.........#
#..))..#......@#.#
#..)#########..#.#
#..))#...#.......#
#........#.......#
#.##..#########..#
#......#...#....##
##.........#....#
##..#..#######.#
##............#


You could see a centaur warrior.

Vanquished Creatures
  A minotaur (Gauntlet)
  8 vault guards (D:13)
  A hydra (D:13)
  2 centaur warriors
  2 boulder beetles
  3 two-headed ogres
  A tengu warrior (D:8)
  4 ugly things
  A deep elf pyromancer (D:13)
  5 cyclopes
  3 manticores
  Maggie (D:9)
  3 kobold demonologists
  An efreet (D:13)
  An unseen horror (D:8)
  A freezing wraith (D:14)
  7 trolls
  A hornet (D:9)
  3 slime creatures (D:12)
  A water elemental (D:12)
  3 shadows
  A wraith (D:13)
  7 yaks
  2 steam dragons (D:8)
  7 vampire mosquitoes
  Edmund (D:6)
  2 water moccasins
  Duvessa (D:6)
  2 orc warriors
  11 laughing skulls
  3 ogres
  2 wolves (D:11)
  10 centaurs
  2 phantoms (D:6)
  A weeping skull (Gauntlet)
  2 kobold brigands
  2 bullfrogs
  A gnoll sergeant (D:10)
  4 scorpions
  Dowan (D:6)
  21 wights
  2 jellies
  6 killer bees (D:9)
  4 howler monkeys (D:8)
  2 electric eels
  7 hounds
  10 orc priests
  2 gnoll boudas
  Crazy Yiuf (D:2)
  5 iguanas
  Ijyb (D:3)
  4 sleepcaps
  15 orc wizards
  Robin (D:3)
  13 gnolls
  7 adders
  4 white imps
  2 dart slugs
  A ribbon worm (D:2)
  34 orcs
  3 ball pythons
  4 endoplasms
  A giant cockroach (D:1)
  18 goblins
  8 hobgoblins
  10 jackals
  A quokka (D:1)
  6 bats
  A frilled lizard (D:1)
  12 kobolds
  6 rats
327 creatures vanquished.

Vanquished Creatures (collateral kills)
  2 cyclopes
2 creatures vanquished.

Vanquished Creatures (others)
  A minotaur zombie (Gauntlet)
  2 orc wizards (D:8)
3 creatures vanquished.

Grand Total: 332 creatures vanquished

Notes
Turn   | Place    | Note
-------+----------+-------------------------------------------
     0 | D:1      | Ijustatesigmund the Gnoll Conjurer began the quest for the
                  | Orb.
     0 | D:1      | Reached XP level 1. HP: 13/13 MP: 6/6
    66 | D:1      | Reached XP level 2. HP: 19/19 MP: 0/7
    69 | D:1      | Learned a level 2 spell: Searing Ray
   663 | D:1      | Reached skill level 5 in Spellcasting
   663 | D:1      | Reached XP level 3. HP: 25/25 MP: 2/9
   954 | D:1      | Reached skill level 1 in Invocations
  1300 | D:2      | Reached skill level 1 in Fighting
  1300 | D:2      | Reached skill level 1 in Short Blades
  1300 | D:2      | Reached skill level 1 in Long Blades
  1300 | D:2      | Reached skill level 1 in Axes
  1300 | D:2      | Reached skill level 1 in Maces & Flails
  1300 | D:2      | Reached skill level 1 in Polearms
  1300 | D:2      | Reached skill level 1 in Staves
  1300 | D:2      | Reached skill level 1 in Ranged Weapons
  1300 | D:2      | Reached skill level 1 in Throwing
  1300 | D:2      | Reached skill level 1 in Armour
  1300 | D:2      | Reached skill level 1 in Shields
  1300 | D:2      | Reached skill level 1 in Unarmed Combat
  1300 | D:2      | Reached skill level 1 in Evocations
  1608 | D:2      | Reached skill level 1 in Shapeshifting
  1608 | D:2      | Reached XP level 4. HP: 29/32 MP: 8/11
  1613 | D:2      | Learned a level 4 spell: Iskenderun's Mystic Blast
  1747 | D:2      | Found a runed translucent door.
  1748 | D:2      | Noticed Crazy Yiuf
  1980 | D:3      | Identified the +1 robe "Xuuvuf" {Regen+ rCorr}
  2006 | D:3      | Found a faded altar of an unknown god.
  2317 | D:3      | Reached skill level 1 in Hexes
  2317 | D:3      | Reached skill level 1 in Summonings
  2317 | D:3      | Reached skill level 1 in Necromancy
  2317 | D:3      | Reached skill level 1 in Translocations
  2317 | D:3      | Reached skill level 1 in Fire Magic
  2317 | D:3      | Reached skill level 1 in Ice Magic
  2317 | D:3      | Reached skill level 1 in Air Magic
  2317 | D:3      | Reached skill level 1 in Earth Magic
  2317 | D:3      | Reached skill level 1 in Alchemy
  2363 | D:3      | Noticed Ijyb
  2373 | D:3      | Killed Ijyb
  2374 | D:3      | Reached XP level 5. HP: 37/37 MP: 5/12
  2498 | D:3      | Found Gyshruph's Distillery.
  2511 | D:3      | Bought a potion of curing for 39 gold pieces
  2511 | D:3      | Bought a potion of might for 52 gold pieces
  2805 | D:3      | Noticed Robin
  2813 | D:3      | Killed Robin
  2891 | D:4      | Found a staircase to the Ecumenical Temple.
  2973 | D:4      | Reached XP level 6. HP: 42/44 MP: 8/14
  3056 | D:2      | Killed Crazy Yiuf
  3057 | D:2      | Reached skill level 5 in Dodging
  3430 | Temple   | Entered the Ecumenical Temple
  3456 | D:4      | Found a sparkling altar of Nemelex Xobeh.
  3593 | D:4      | Found a hide-covered altar of Uskayaw.
  3910 | D:4      | Found a shimmering altar of Xom.
  4167 | D:5      | Entered Level 5 of the Dungeon
  4348 | D:5      | Reached XP level 7. HP: 44/51 MP: 10/15
  4831 | D:5      | Reached skill level 5 in Stealth
  5307 | D:6      | Reached XP level 8. HP: 58/58 MP: 13/16
  5438 | D:6      | Noticed Edmund
  5451 | D:6      | Killed Edmund
  6091 | D:6      | Noticed Duvessa
  6091 | D:6      | Noticed Dowan
  6104 | D:6      | Killed Duvessa
  6105 | D:6      | Killed Dowan
  6106 | D:6      | Reached XP level 9. HP: 62/65 MP: 12/18
  6122 | D:6      | Found an ornate altar of the Wu Jian Council.
  6253 | D:6      | Identified the +1 helmet of the Solstice {rElec Int+6}
  7143 | D:7      | Reached skill level 5 in Invocations
  7296 | D:7      | Noticed a two-headed ogre
  7302 | D:7      | Killed a two-headed ogre
  7303 | D:7      | Reached skill level 5 in Fighting
  7303 | D:7      | Reached skill level 5 in Short Blades
  7303 | D:7      | Reached skill level 5 in Long Blades
  7303 | D:7      | Reached skill level 5 in Axes
  7303 | D:7      | Reached skill level 5 in Maces & Flails
  7303 | D:7      | Reached skill level 5 in Polearms
  7303 | D:7      | Reached skill level 5 in Staves
  7303 | D:7      | Reached skill level 5 in Ranged Weapons
  7303 | D:7      | Reached skill level 5 in Throwing
  7303 | D:7      | Reached skill level 5 in Armour
  7303 | D:7      | Reached skill level 5 in Shields
  7303 | D:7      | Reached skill level 5 in Unarmed Combat
  7303 | D:7      | Reached skill level 5 in Evocations
  7303 | D:7      | Reached XP level 10. HP: 68/74 MP: 3/20
  7433 | D:7      | Found Jalupsoq's CLEARANCE SALE!.
  7443 | D:7      | Bought 2 potions of curing for 36 gold pieces
  7737 | D:7      | Found a glowing golden altar of the Shining One.
  7769 | D:7      | Found a snail-covered altar of Cheibriados.
  7924 | D:7      | Became a worshipper of Cheibriados the Contemplative
  8216 | D:8      | Noticed a cyclops
  8219 | D:8      | Noticed a tengu warrior
  8219 | D:8      | Noticed a six-headed hydra
  8219 | D:8      | Noticed a boulder beetle
  8233 | D:8      | Killed a tengu warrior
  8234 | D:8      | Reached skill level 5 in Shapeshifting
  8235 | D:8      | Killed a cyclops
  8410 | D:9      | Found a staircase to the Orcish Mines.
  8513 | D:9      | Noticed a two-headed ogre
  8522 | D:9      | Killed a two-headed ogre
  8522 | D:9      | Reached * piety under Cheibriados
  8890 | D:9      | Reached skill level 5 in Hexes
  8890 | D:9      | Reached skill level 5 in Summonings
  8890 | D:9      | Reached skill level 5 in Necromancy
  8890 | D:9      | Reached skill level 5 in Translocations
  8890 | D:9      | Reached skill level 5 in Fire Magic
  8890 | D:9      | Reached skill level 5 in Ice Magic
  8890 | D:9      | Reached skill level 5 in Air Magic
  8890 | D:9      | Reached skill level 5 in Earth Magic
  8890 | D:9      | Reached skill level 5 in Alchemy
  8890 | D:9      | Noticed Maggie
  8895 | D:9      | Reached XP level 11. HP: 81/81 MP: 22/22
  8907 | D:9      | Noticed a two-headed ogre
  8912 | D:9      | Killed Maggie
  8925 | D:9      | Killed a two-headed ogre
  9057 | D:9      | Found a radiant altar of Vehumet.
  9150 | D:9      | Found a burning altar of Makhleb.
  9151 | D:9      | Noticed a green death
  9177 | D:9      | Reached ** piety under Cheibriados
  9291 | D:9      | Found an ancient bone altar of Kikubaaqudgha.
  9962 | D:8      | Found a hazy altar of Hepliaklqana.
  9962 | D:8      | Found a blossoming altar of Fedhas.
 10386 | D:10     | Entered Level 10 of the Dungeon
 10520 | D:10     | Reached *** piety under Cheibriados
 11674 | D:11     | Noticed a cyclops
 11702 | D:11     | Killed a cyclops
 11711 | D:11     | Found a gate leading to a gauntlet.
 11720 | Gauntlet | Entered a Gauntlet
 11720 | Gauntlet | Found a transporter.
 11720 | Gauntlet | Found a transporter.
 11720 | Gauntlet | Found a transporter.
 11732 | Gauntlet | Found a transporter.
 11735 | Gauntlet | Found a transporter.
 11740 | Gauntlet | Noticed a spectral death yak
 11741 | Gauntlet | Noticed a death scarab
 11744 | Gauntlet | Found a transporter.
 11746 | Gauntlet | Found a transporter.
 11758 | Gauntlet | Found a transporter.
 11761 | Gauntlet | Noticed an obsidian statue
 11771 | Gauntlet | Found a transporter.
 11780 | Gauntlet | Found a transporter.
 11783 | Gauntlet | Found a transporter.
 11793 | Gauntlet | Found a transporter.
 12230 | Gauntlet | Reached **** piety under Cheibriados
 12345 | Gauntlet | Noticed a minotaur
 12364 | Gauntlet | Killed a minotaur
 12725 | D:11     | Found a staircase to the Lair.
 12746 | D:11     | Reached XP level 12. HP: 55/91 MP: 24/24
 13791 | D:12     | Gained mutation: You have a pair of small antennae on your
                  | head. [potion of mutation]
 13792 | D:12     | Lost mutation: You have a pair of small antennae on your
                  | head. [potion of mutation]
 13792 | D:12     | Gained mutation: You have supernaturally acute eyesight.
                  | (SInv) [potion of mutation]
 13792 | D:12     | Gained mutation: Your body sometimes deteriorates upon
                  | taking damage. [potion of mutation]
 14019 | D:12     | Noticed a boulder beetle
 14034 | D:12     | Killed a boulder beetle
 14387 | D:12     | Found a broken altar of Ashenzari.
 15196 | D:13     | Identified a scroll of acquirement
 15196 | D:13     | Acquired 407 gold pieces
 15484 | D:13     | Noticed a centaur warrior
 15491 | D:13     | Killed a centaur warrior
 15624 | D:13     | Reached XP level 13. HP: 93/98 MP: 26/26
 15666 | D:13     | Noticed a vault guard
 15667 | D:13     | Noticed a vault guard
 15668 | D:13     | Noticed a vault guard
 15670 | D:13     | Noticed a vault guard
 15677 | D:13     | Killed a vault guard
 15678 | D:13     | Reached skill level 10 in Conjurations
 15679 | D:13     | Killed a vault guard
 15682 | D:13     | Killed a vault guard
 15684 | D:13     | Noticed a vault guard
 15686 | D:13     | Killed a vault guard
 15687 | D:13     | Noticed a vault guard
 15687 | D:13     | Noticed a vault guard
 15695 | D:13     | Killed a vault guard
 15695 | D:13     | Killed a vault guard
 15697 | D:13     | Killed a vault guard
 15872 | D:13     | Found a gate to the Vaults.
 15885 | D:13     | Noticed a vault guard
 15909 | D:13     | Killed a vault guard
 15910 | D:13     | Reached skill level 10 in Spellcasting
 16589 | D:14     | Shot with an arrow by a centaur warrior

Illustrated notes

Levels and vault maps discovered:
D:1:      amcnicky_arrival_gap_in_the_tavern_cellar, layout_rooms
D:2:      layout_basic, serial_park_tiny_pond, eino_curves_03,
          dreamdust_princess_corridor, uniq_crazy_yiuf_cottage
D:3:      kennysheep_goblin_castle, layout_basic,
          hellmonk_ecumenical_altar_crossroads, serial_shops, shop,
          minivault_27, uniq_robin, uniq_ijyb
D:4:      layout_layer_cave, nemelex_xobeh_ov_fountains_minmay,
          mainiacjoe_overflow_big_doors, minmay_temple_entry_overgrown,
          serial_bayou_pond_a, serial_library_hellmonk_filled_rooms
D:5:      layout_basic
D:6:      layout_basic, nzn_wu_jian_contemplation, uniq_duvessa, uniq_edmund
D:7:      layout_rooms, mainiacjoe_overflow_two_lobes,
          nicolae_kite_square_tiling_tiny, nicolae_shop_clearance
D:8:      minmay_blocky_corners, layout_loops_cross,
          gammafunk_temple_overflow_elements, billiards_dpeg
D:9:      layout_rooms, makhleb_altar_promises_db, kennysheep_little_box,
          vehumet_altar_wand_db, orc_0_dummy, uniq_maggie
D:10:     layout_layer_cave
D:11:     minmay_opposing_rooms, layout_basic, erik_lair_island,
          gauntlet_entry_generic
D:12:     layout_basic, serial_glass, glass_columns_a, glass_columns_b,
          glass_columns_a, glass_columns_b, cheibrodos_ashenzari_chains
D:13:     layout_basic, erik_vaults_2
D:14:     layout_loops_ring, hangedman_abyss_or_decor_stagger
Temple:   minmay_freezing_vapour_temple

Skill      XL: |  1  2  3  4  5  6  7  8  9 10 11 12 13 |
---------------+----------------------------------------+-----
Spellcasting   | 5 6 7 8 9 10 | 10.0
Invocations    | 1 2 3 4 5 6 7 8 9 |  9.4
Fighting       | 1 2 3 5 6 7 8 |  8.6
Short Blades   | 1 2 3 5 6 7 8 |  8.6
Long Blades    | 1 2 3 5 6 7 8 |  8.6
Axes           | 1 2 3 5 6 7 8 |  8.6
Maces & Flails | 1 2 3 5 6 7 8 |  8.6
Polearms       | 1 2 3 5 6 7 8 |  8.6
Staves         | 1 2 3 5 6 7 8 |  8.6
Ranged Weapons | 1 2 3 5 6 7 8 |  8.6
Throwing       | 1 2 3 5 6 7 8 |  8.6
Armour         | 1 2 3 5 6 7 8 |  8.6
Shields        | 1 2 3 5 6 7 8 |  8.6
Unarmed Combat | 1 2 3 5 6 7 8 |  8.6
Evocations     | 1 2 3 5 6 7 8 |  8.6
Shapeshifting  | 1 2 3 4 5 6 7 |  7.9
Hexes          | 1 2 3 4 5 6 7 |  7.2
Summonings     | 1 2 3 4 5 6 7 |  7.2
Necromancy     | 1 2 3 4 5 6 7 |  7.2
Translocations | 1 2 3 4 5 6 7 |  7.2
Fire Magic     | 1 2 3 4 5 6 7 |  7.2
Ice Magic      | 1 2 3 4 5 6 7 |  7.2
Air Magic      | 1 2 3 4 5 6 7 |  7.2
Earth Magic    | 1 2 3 4 5 6 7 |  7.2
Alchemy        | 1 2 3 4 5 6 7 |  7.2
Dodging        | 5 6 7 8 9 |  9.8
Stealth        | 5 6 7 8 9 |  9.6
Conjurations   | 8 9 10 | 10.2

Action                     |  1- 3 |  4- 6 |  7- 9 | 10-12 | 13-15 || total
---------------------------+-------+-------+-------+-------+-------++-------
  Melee: Mace              |       |       |    99 |       |       ||    99
         Bite              |       |       |    18 |    58 |     4 ||    80
         Punch             |       |       |     3 |       |       ||     3
         Dire flail        |       |       |    16 |   162 |       ||   178
         Great sword       |       |       |       |    41 |       ||    41
         Morningstar       |       |       |       |   139 |    40 ||   179
  Throw: Javelin           |       |       |       |       |     6 ||     6
   Cast: Magic Dart        |    88 |    78 |   125 |    24 |     4 ||   319
         Searing Ray       |       |    13 |    20 |    11 |     1 ||    45
         Iskenderun's Myst |       |     1 |    11 |    84 |    16 ||   112
 Invoke: Slouch            |       |       |       |     2 |     3 ||     5
  Evoke: Wand              |       |       |     5 |    17 |     8 ||    30
         Phantom mirror    |       |       |       |     1 |       ||     1
    Use: Scroll            |       |     7 |    12 |    21 |       ||    40
         Potion            |       |       |       |     7 |     2 ||     9
   Stab: Sleeping          |       |       |     1 |     9 |       ||    10
         Betrayed ally     |       |       |       |     1 |       ||     1
         Distracted        |       |       |       |     1 |       ||     1
         Invisible         |       |       |       |       |     1 ||     1
 Armour: Robe              |     4 |    16 |   127 |   259 |       ||   406
         Troll leather arm |       |       |       |    61 |    50 ||   111
  Dodge: Dodged            |     5 |    22 |   133 |   360 |    46 ||   566
  Block: Kite shield       |       |       |       |   135 |    55 ||   190
